Workbook
Name Po: 'Analisis AIU'!$D$5
Name Po: #REF!

Sheet PRESUPUESTO OFICIAL
D2: LOCALIDAD DE TEUSAQUILLO
D3: PRESUPUESTO OFICIAL A PRECIOS UNITARIOS
D5: FONDO DE DESARROLLO LOCAL DE TEUSAQUILLO
B8: PRESUPUESTO OFICIAL DE LA ENTIDAD
B9: CÓDIGO IDRD | C9: ÍTEM No. | D9: DESCRIPCIÓN | E9: UND. | F9: PRECIO UNITARIO | G9: CANTIDAD | H9: VR. TOTAL
C10: 1. PRELIMINARES - DEMOLICIÓN - DESMONTE
B11: 10526 | C11: 1.1 | D11: Cerramiento en lona h=2.20 mts (Exc+base conc)** | E11: ML | F11: 28382.831 | G11: 1 | H11: =ROUND(G11*F11,2) -> 28382.83
B12: 15963 | C12: 1.2 | D12: Demol pav asfaltico (carg+retiro) | E12: M3 | F12: 206334.09 | G12: 1 | H12: =ROUND(G12*F12,2) -> 206334.09
B13: 10002 | C13: 1.3 | D13: Demolición Bordillo con compresor + cargue y retir | E13: ML | F13: 18033.173 | G13: 1 | H13: =ROUND(G13*F13,2) -> 18033.17
B14: 10918 | C14: 1.4 | D14: Desmonte baranda M-80 sin viga con retiro | E14: ML | F14: 19227.888 | G14: 1 | H14: =ROUND(G14*F14,2) -> 19227.89
B15: 12408 | C15: 1.5 | D15: Desmonte juego tipo M-3-STPM** | E15: UND. | F15: 493790.78 | G15: 1 | H15: =ROUND(G15*F15,2) -> 493790.78
B16: 15807 | C16: 1.6 | D16: Desmonte equipos biosaludables (Demolc + retiro) | E16: UND. | F16: 140958.23 | G16: 1 | H16: =ROUND(G16*F16,2) -> 140958.23
B17: 13526 | C17: 1.7 | D17: Desmonte -Banca Abdominales Bajo | E17: UND. | F17: 40709.55 | G17: 1 | H17: =ROUND(G17*F17,2) -> 40709.55
B18: 12837 | C18: 1.8 | D18: Desmonte Señal (IDG-S) | E18: UND. | F18: 40990.219 | G18: 1 | H18: =ROUND(G18*F18,2) -> 40990.22
B19: 12834 | C19: 1.9 | D19: Desmonte Señal sc-80 -+ Dado-STPM | E19: UND. | F19: 22606.577 | G19: 1 | H19: =ROUND(G19*F19,2) -> 22606.58
B20: 10860 | C20: 1.1 | D20: Desmonte y retiro canecas ** | E20: UND. | F20: 40842.065 | G20: 1 | H20: =ROUND(G20*F20,2) -> 40842.06
B21: 13195 | C21: 1.11 | D21: Excavación manual con retiro suelo blando** | E21: M3 | F21: 74407.392 | G21: 1 | H21: =ROUND(G21*F21,2) -> 74407.39
B22: 00695 | C22: 1.12 | D22: Localización y Replanteo | E22: M2 | F22: 7657.4902 | G22: 1 | H22: =ROUND(G22*F22,2) -> 7657.49
B23: 15919 | C23: 1.13 | D23: Demol. Manual placa piso conc e=0.08 (Cargue + Retiro) | E23: M2 | F23: 25416.92 | G23: 1 | H23: =ROUND(G23*F23,2) -> 25416.92
B24: 11373 | C24: 1.14 | D24: Descapote Manual y Retiro (e=10-15 cm) | E24: M2 | F24: 14882.789 | G24: 1 | H24: =ROUND(G24*F24,2) -> 14882.79
B25: 10760 | C25: 1.15 | D25: Demolición carcamo equipo inclu. Cargue y retiro | E25: ML | F25: 18463.691 | G25: 1 | H25: =ROUND(G25*F25,2) -> 18463.69
B26: 14428 | C26: 1.16 | D26: Demolicion Viga Ciment. Conc. Reforzado 0.045 m3/m | E26: ML | F26: 13250.267 | G26: 1 | H26: =ROUND(G26*F26,2) -> 13250.27
B27: 13024 | C27: 1.17 | D27: Demolición Manual gradería Ladrillo y Placa Conc | E27: ML | F27: 62386.837 | G27: 1 | H27: =ROUND(G27*F27,2) -> 62386.84
B28: 10343 | C28: 1.18 | D28: Desmonte estruc de microfutbol + cargue y retiro | E28: JGO | F28: 148494.95 | G28: 1 | H28: =ROUND(G28*F28,2) -> 148494.95
B29: 10242 | C29: 1.19 | D29: Desmonte estruc baloncesto con demol base conc** | E29: JGO | F29: 578593.76 | G29: 1 | H29: =ROUND(G29*F29,2) -> 578593.76
B30: 10149 | C30: 1.2 | D30: Demolicion anden concr e= 0.10 incl. Cargue y ret* | E30: M2 | F30: 22165.323 | G30: 1 | H30: =ROUND(G30*F30,2) -> 22165.32
B31: 2. PISOS
B32: 10724 | C32: 2.1 | D32: Relleno compactado Base granular tipo IDRD | E32: M3 | F32: 158868.98 | G32: 1 | H32: =ROUND(G32*F32,2) -> 158868.98
B33: 12501 | C33: 2.2 | D33: Relleno compactado SubBase granular tipo IDRD | E33: M3 | F33: 122161.67 | G33: 1 | H33: =ROUND(G33*F33,2) -> 122161.67
B34: 16675 | C34: 2.3 | D34: Piso Caucho recicl 3 cm (EPDM 1 cm+SBR 2cm sum+inst) | E34: M2 | F34: 565755.97 | G34: 1 | H34: =ROUND(G34*F34,2) -> 565755.97
B35: 16670 | C35: 2.4 | D35: Piso Caucho recicl 9 cm (EPDM 1 cm+SBR 8cm sum+inst) | E35: M2 | F35: 1005109 | G35: 1 | H35: =ROUND(G35*F35,2) -> 1005109
B36: 10707 | C36: 2.5 | D36: Geotextil NT-1800 + Trasiego (suministro e inst.) | E36: M2 | F36: 8367.7065 | G36: 1 | H36: =ROUND(G36*F36,2) -> 8367.71
B37: 12065 | C37: 2.6 | D37: Bordillo prefabricado A-80 (0.35x0.2x0.8m)ZV-conAtr | E37: ML | F37: 90288.582 | G37: 1 | H37: =ROUND(G37*F37,2) -> 90288.58
B38: 10256 | C38: 2.7 | D38: Demarcación pintura trafico multiple a=0.1** | E38: M2 | F38: 8949.374 | G38: 1 | H38: =ROUND(G38*F38,2) -> 8949.37
B39: 10298 | C39: 2.8 | D39: Graderia Talud (cntrah.conc.HuellaAdoqu) a=80m | E39: ML | F39: 299164.81 | G39: 1 | H39: =ROUND(G39*F39,2) -> 299164.81
B40: 12026 | C40: 2.9 | D40: Andenconcreto e=0.07 4.2-2 medio+geotextil peatonal | E40: M2 | F40: 182388.88 | G40: 1 | H40: =ROUND(G40*F40,2) -> 182388.88
B41: 3. ESTRUCTURA
B42: 10494 | C42: 3.1 | D42: Viga 0.3*0.3 cerram IDRD 21 Mpa reforzado** | E42: ML | F42: 120957.37 | G42: 1 | H42: =ROUND(G42*F42,2) -> 120957.37
B43: 11647 | C43: 3.2 | D43: Placa contrapiso 0.10 m 2500 psi+malla 4 mm | E43: M2 | F43: 87292.33 | G43: 1 | H43: =ROUND(G43*F43,2) -> 87292.33
B44: Tomado 16249 | C44: 3.3 | D44: Dado en concreto 3000 psi (50x50)Exc-sinref)sin form H=0.50 | E44: UND | F44: 84320.385 | G44: 1 | H44: =ROUND(G44*F44,2) -> 84320.39
B45: 4. INSTALACIONES DEPORTIVAS
B46: 12085 | C46: 4.1 | D46: Rodadura asfaltica R=1350 e=0.03 compactado | E46: M2 | F46: 49639.521 | G46: 1 | H46: =ROUND(G46*F46,2) -> 49639.52
B47: 5. MOBILIARIO
B48: 14642 | C48: 5.1 | D48: Baranda cerramiento M-83 (Sum + Inst) | E48: ML | F48: 373803.99 | G48: 1 | H48: =ROUND(G48*F48,2) -> 373803.99
B49: 13845 | C49: 5.2 | D49: Dotación Giro Manos Adultos / Mayores - Diseñ-IDRD (Sum+Inst) | E49: UN | F49: 2512692.2 | G49: 1 | H49: =ROUND(G49*F49,2) -> 2512692.2
B50: 13841 | C50: 5.3 | D50: Dotación Giro Cadera Adultos/Mayores-Diseñ-IDRD (Sum+Inst) | E50: UND | F50: 2985660.3 | G50: 1 | H50: =ROUND(G50*F50,2) -> 2985660.3
B51: 13844 | C51: 5.4 | D51: Dotación Barras Adultos/Mayores-Diseñ-IDRD (Sum.+Inst.) | E51: UND | F51: 2701844.6 | G51: 1 | H51: =ROUND(G51*F51,2) -> 2701844.6
B52: 15814 | C52: 5.5 | D52: Modulo Caballo Bicicleta Estatica (Sum. + Inst.) | E52: UND | F52: 2358809 | G52: 1 | H52: =ROUND(G52*F52,2) -> 2358809
B53: 15820 | C53: 5.6 | D53: Modulo Dorsal Pectoral (Sum+Inst) | E53: UND | F53: 3804792 | G53: 1 | H53: =ROUND(G53*F53,2) -> 3804792
B54: 15813 | C54: 5.7 | D54: Modulo Eliptica (Sumin.+Inst.) | E54: UND | F54: 2886505.5 | G54: 1 | H54: =ROUND(G54*F54,2) -> 2886505.5
B55: 16064 | C55: 5.8 | D55: Modulo Jinete - Gimnasio al aire libre (Sum.+Inst.) | E55: UND | F55: 5198533.6 | G55: 1 | H55: =ROUND(G55*F55,2) -> 5198533.6
B56: 100607 | C56: 5.9 | D56: Juego Torre puente deslizadero (Sum.+Inst) | E56: UND | F56: 31642669 | G56: 1 | H56: =ROUND(G56*F56,2) -> 31642669
B57: 15650 | C57: 5.1 | D57: Señal IDG-S Dos Caras (S/Especif-IDRD) Sum+Inst | E57: UND | F57: 581980.78 | G57: 1 | H57: =ROUND(G57*F57,2) -> 581980.78
B58: Tomado 12100 | C58: 5.11 | D58: Desmonte Juegos infantiles Madera | E58: UND | F58: 577698.31 | G58: 1 | H58: =ROUND(G58*F58,2) -> 577698.31
B59: 10848 | C59: 5.12 | D59: Juego infantil M-5 o M-5A Columpio (Desmonte)** | E59: UND | F59: 259703.69 | G59: 1 | H59: =ROUND(G59*F59,2) -> 259703.69
B60: 10226 | C60: 5.13 | D60: Juegos infantiles M-5 Columpio (Sum+Instal)** | E60: UND | F60: 2880129.6 | G60: 1 | H60: =ROUND(G60*F60,2) -> 2880129.6
B61: 12167 | C61: 5.14 | D61: Adecuación estr. Cerr. Contra impac h=2.5 M** | E61: ML | F61: 359852.96 | G61: 1 | H61: =ROUND(G61*F61,2) -> 359852.96
B62: 13924 | C62: 5.15 | D62: Pintura y demarcación tablero Baloncesto | E62: UND | F62: 37936.337 | G62: 1 | H62: =ROUND(G62*F62,2) -> 37936.34
B63: 10535 | C63: 5.16 | D63: Desmonte cerramiento contra impacto h=2.5 M** | E63: ML | F63: 57981.701 | G63: 1 | H63: =ROUND(G63*F63,2) -> 57981.7
B64: 10087 | C64: 5.17 | D64: Cerramiento contra impacto IDRD h=5** | E64: ML | F64: 1555135.4 | G64: 1 | H64: =ROUND(G64*F64,2) -> 1555135.4
B65: 10429 | C65: 5.18 | D65: Estruc.Baloncesto Tabl.Antiband (Sum+Inst)** | E65: JGO | F65: 6633397.9 | G65: 1 | H65: =ROUND(G65*F65,2) -> 6633397.9
B66: 14663 | C66: 5.19 | D66: Estrctura Microfutbol (Sum + Inst) | E66: JGO | F66: 4073118.7 | G66: 1 | H66: =ROUND(G66*F66,2) -> 4073118.7
B67: 13317 | C67: 5.2 | D67: Instalación Juego de aros baloncesto metálico | E67: JGO | F67: 33723.324 | G67: 1 | H67: =ROUND(G67*F67,2) -> 33723.32
B68: 14842 | C68: 5.21 | D68: Juego de aros (Desm+Sumi*Inst) | E68: JGO | F68: 334068.34 | G68: 1 | H68: =ROUND(G68*F68,2) -> 334068.34
B69: 6. MANEJO AMBIENTAL
B70: 16620 | C70: 6.1 | D70: Empradización zonas verdes a recuperar (5 cm Tierra) | E70: M2 | F70: 27436.897 | G70: 1 | H70: =ROUND(G70*F70,2) -> 27436.9
B71: 7. HIDRAULICO
B72: 11213 | C72: 7.1 | D72: Instalación cañuela prefabricada (A-120) (canal) | E72: ML | F72: 77607.134 | G72: 1 | H72: =ROUND(G72*F72,2) -> 77607.13
B73: 8. REDES SERVICIOS Y DESAGËS
B74: 10249 | C74: 8.1 | D74: Contenedor Raices mamposteria 1.5*1.5 h=1.57** | E74: UND | F74: 2801069.2 | G74: 1 | H74: =ROUND(G74*F74,2) -> 2801069.2
B75: 10143 | C75: 8.2 | D75: Destape y limpieza cajas 0.70x0.70x0.70** | E75: UND | F75: 87778.434 | G75: 1 | H75: =ROUND(G75*F75,2) -> 87778.43
B76: 9. ACABADOS
B77: 10851 | C77: 9.1 | D77: Pintura estructura baloncesto** | E77: JGO | F77: 625717.87 | G77: 1 | H77: =ROUND(G77*F77,2) -> 625717.87
B78: 10855 | C78: 9.2 | D78: Pintura estructura microfutbol (con brocha) | E78: JGO | F78: 265661.98 | G78: 1 | H78: =ROUND(G78*F78,2) -> 265661.98
B80: SUMATORIA COSTOS UNITARIOS (A) | H80: =SUM(H11:H79) -> 80536168
B82: VALOR DISPONIBLE PARA EL MONTO AGOTABLE DE COSTOS UNITARIOS (B) | H82: 3.3250132e+08
D84: COMPONENTE AMBIENTAL Y SST 3% | E84: 0.03 | F84: ='Analisis AIU'!N60 -> 8005146.5 | G84: Valores No Modificables
D85: COMPONENTE SOCIAL 2% | E85: 0.02 | F85: ='Analisis AIU'!N59 -> 5336764.3 | G85: Valores No Modificables
D86: COMPONENTE PLAN MANEJO DE TRÁNSITO 2% | E86: 0.02 | F86: ='Analisis AIU'!N61 -> 5336764.3 | G86: Valores No Modificables
B88: SUMATORIA COSTOS NO MODIFICABLES (C ) | F88: =F86+F85+F84 -> 18678675
B90: PRESUPUESTO MONTO AGOTABLE DEL PROCESO (B) + (C ) | F90: =H82+F88 -> 3.5118e+08
E92: DESCRIPCION | G92: PORCENTAJE
E93: ADMINISTRACION | G93: =+'Analisis AIU'!F66 -> 0.25607836
B94: NO MODIFICAR | E94: IMPREVISTOS | G94: =+'Analisis AIU'!F67 -> 0.01
E95: UTILIDAD | G95: =+'Analisis AIU'!F68 -> 0.05
E96: TOTAL A.I.U | G96: =SUM(G93:G95) -> 0.31607836
B98: NOTA: | C98: Los precios unitarios con los que se estructuro el presente proceso corresponden a los precios de mercado de las entidades rectoras en materia de intervención de parques y espacio público. Los cuales pueden ser consultados en la pagina web del IDRD e IDU

Sheet Analisis AIU
B1: ALCALDIA LOCAL DE TEUSAQUILLO
B2: 5
B3: CALCULO DE A.I.U.
C5: VALOR TOTAL DEL CONTRATO ($) | D5: 351180000
C6: PLAZO (MESES) | D6: 4 | E6: MESES
A8: PRESUPUESTO DE OBRAS DE MEJORAMIENTO Y/O CONSTRUCCION Y/O MANTENIMIENTO
A10: COSTOS MENSUALES DE PERSONAL:
A11: PERSONAL | B11: CONCEPTO | C11: PERFIL | D11: CANTIDAD | E11: CODIGO IDU | F11: SALARIO | G11: 15 DIAS | H11: 15 DIA | I11: mes 2 | J11: mes 3 | K11: mes 4 | L11: Total Dedicacion Proyecto | M11: FACTOR PRESTACIONAL | N11: TOTAL MENSUAL | O11: TOTAL OBRA | S11: TOTAL MENSUAL SIN FP | T11: TOTAL OBRA SIN FP
B12: PROFESIONAL Y ESPECIALISTAS | C12: Director de proyecto (Categoria 5) | D12: 1 | E12: 9111 | F12: 7108000 | G12: 0.15 | H12: 0.15 | I12: 0.15 | J12: 0.15 | K12: 0.15 | L12: =(((G12+H12)/2)+I12+J12+K12)/4 -> 0.15 | M12: 1.69 | N12: =+(F12*L12/4)*M12 -> 450469.5 | O12: =+N12*4 -> 1801878 | S12: =(+F12*L12)/4 -> 266550 | T12: =+S12*4 -> 1066200
C13: Residente de proyecto (Categoria 6) | D13: 1 | E13: 9112 | F13: 6339000 | G13: 1 | H13: 1 | I13: 1 | J13: 1 | K13: 1 | L13: =(((G13+H13)/2)+I13+J13+K13)/4 -> 1 | M13: 1.69 | N13: =+F13*L13/4*M13 -> 2678227.5 | O13: =+N13*4 -> 10712910 | S13: =(+F13*L13)/4 -> 1584750 | T13: =+S13*4 -> 6339000
C14: Especialista Diseño Urbano y Espacio Publico (Categoria 5) | D14: 1 | E14: 9111 | F14: 7108000 | G14: 0.1 | H14: 0 | I14: 0 | J14: 0 | K14: 0 | L14: =(((G14+H14)/2)+I14+J14+K14)/4 -> 0.0125 | M14: 1.69 | N14: =+F14*L14/1*M14 -> 150156.5 | O14: =+N14*4 -> 600626 | S14: =(+F14*L14)/4 -> 22212.5 | T14: =+S14*4 -> 88850
C15: Especialista en Geotecnia (Categoria 5) | D15: 1 | E15: 9111 | F15: 7108000 | G15: 0.1 | H15: 0 | I15: 0 | J15: 0 | K15: 0 | L15: =(((G15+H15)/2)+I15+J15+K15)/4 -> 0.0125 | M15: 1.69 | N15: =+F15*L15/1*M15 -> 150156.5 | O15: =+N15*4 -> 600626 | S15: =(+F15*L15)/4 -> 22212.5 | T15: =+S15*4 -> 88850
C16: Profesional Ambiental (Categoria 7) | D16: 1 | E16: 9113 | F16: 4793000 | G16: 0 | H16: 0.1 | I16: 0.1 | J16: 0.1 | K16: 0.1 | L16: =(((G16+H16)/2)+I16+J16+K16)/4 -> 0.0875 | M16: 1.69 | N16: =+F16*L16/4*M16 -> 177191.22 | O16: =+N16*4 -> 708764.88 | S16: =(+F16*L16)/4 -> 104846.88 | T16: =+S16*4 -> 419387.5
C17: PROFESIONAL SOCIAL (Categoria 7) | D17: 1 | E17: 9113 | F17: 4793000 | G17: 0 | H17: 0.2 | I17: 0.2 | J17: 0.2 | K17: 0.2 | L17: =(((G17+H17)/2)+I17+J17+K17)/4 -> 0.175 | M17: 1.69 | N17: =+F17*L17/4*M17 -> 354382.44 | O17: =+N17*4 -> 1417529.8 | S17: =(+F17*L17)/4 -> 209693.75 | T17: =+S17*4 -> 838775
C18: PROFESIONAL SG-SST (Categoria 7) | D18: 1 | E18: 9113 | F18: 4793000 | G18: 0 | H18: 0.2 | I18: 0.2 | J18: 0.2 | K18: 0.2 | L18: =(((G18+H18)/2)+I18+J18+K18)/4 -> 0.175 | M18: 1.69 | N18: =+F18*L18/4*M18 -> 354382.44 | O18: =+N18*4 -> 1417529.8 | S18: =(+F18*L18)/4 -> 209693.75 | T18: =+S18*4 -> 838775
C19: SUBTOTAL | N19: =SUM(N12:N18) -> 4314966.1 | O19: =SUM(O12:O18) -> 17259864 | S19: =SUM(S12:S18) -> 2419959.4 | T19: =SUM(T12:T18) -> 9679837.5
B21: TECNICO Y AUXILIAR | C21: INSPECTOR - laboratorista | D21: 1 | E21: 9089 | F21: 2739000 | G21: 0 | H21: 0.1 | I21: 0.1 | J21: 0.1 | K21: 0.1 | L21: =(((G21+H21)/2)+I21+J21+K21)/4 -> 0.0875 | M21: 1.69 | N21: =+F21*L21/4*M21 -> 101257.41 | O21: =+N21*4 -> 405029.62 | S21: =(+F21*L21)/4 -> 59915.625 | T21: =+S21*4 -> 239662.5
C22: Topógrafo inspector | D22: 1 | E22: 9088 | F22: 3092000 | G22: 0 | H22: 0.1 | I22: 0.1 | J22: 0.1 | K22: 0.1 | L22: =(((G22+H22)/2)+I22+J22+K22)/4 -> 0.0875 | M22: 1.69 | N22: =+F22*L22/1*M22 -> 457229.5 | O22: =+N22*4 -> 1828918 | S22: =(+F22*L22)/4 -> 67637.5 | T22: =+S22*4 -> 270550
C23: Cadenero 1 | D23: 1 | E23: 9098 | F23: 1917000 | G23: 0 | H23: 0.1 | I23: 0.1 | J23: 0.1 | K23: 0.1 | L23: =(((G23+H23)/2)+I23+J23+K23)/4 -> 0.0875 | M23: 1.69 | N23: =+F23*D23*L23/1*M23 -> 283476.38 | O23: =+N23*4 -> 1133905.5 | S23: =(+F23*L23)/4 -> 41934.375 | T23: =+S23*4 -> 167737.5
C24: SUBTOTAL | N24: =SUM(N21:N23) -> 841963.28 | O24: =SUM(O21:O23) -> 3367853.1 | S24: =SUM(S21:S23) -> 169487.5 | T24: =SUM(T21:T23) -> 677950
B26: ADMINISTRATIVO | C26: Auxiliar administrativo | D26: 1 | E26: 9104 | F26: 1670000 | G26: 0.2 | H26: 0.2 | I26: 0.2 | J26: 0.2 | K26: 0.2 | L26: =(((G26+H26)/2)+I26+J26+K26)/4 -> 0.2 | M26: 1.69 | N26: =+F26*L26/4*M26 -> 141115 | O26: =+N26*4 -> 564460 | S26: =(+F26*L26)/4 -> 83500 | T26: =+S26*4 -> 334000
C27: Conductor o motorista | D27: 1 | E27: 9100 | F27: 1389000 | G27: 0.2 | H27: 0.2 | I27: 0.2 | J27: 0.2 | K27: 0.2 | L27: =(((G27+H27)/2)+I27+J27+K27)/4 -> 0.2 | M27: 1.69 | N27: =+F27*L27/4*M27 -> 117370.5 | O27: =+N27*4 -> 469482 | S27: =(+F27*L27)/4 -> 69450 | T27: =+S27*4 -> 277800
C28: SUBTOTAL | N28: =SUM(N26:N27) -> 258485.5 | O28: =SUM(O26:O27) -> 1033942 | S28: =SUM(S26:S27) -> 152950 | T28: =SUM(T26:T27) -> 611800
G30: SUBTOTAL COSTOS DE PERSONAL | N30: =+N28+N24+N19 -> 5415414.9 | O30: =(+O28+O24+O19) -> 21661660 | P30: C | Q30: =O30 -> 21661660 | T30: =(+T28+T24+T19) -> 10969588
A32: OPERACIONALES | B32: CONCEPTO | C32: ACTIVIDAD | G32: AREA (m2)/UND | H32: UND | I32: COSTO (UND/mes) | L32: DEDICACIÓN | M32: PLAZO (MESES) | N32: TOTAL MENSUAL | O32: TOTAL OBRA
B33: INSTALACIONES | C33: ALQUILER DE OFICINA. INCLUYE ADMINISTRACIÓN, SERVICIOS PÚBLICOS, COMUNICACIONES. | E33: 9576 | G33: 1 | H33: mes | I33: 1350000 | M33: 4 | N33: =I33*G33 -> 1350000 | O33: =N33*M33 -> 5400000
B34: EQUIPO | C34: TARIFA CAMPERO PICK UP, CAMIONETA 1300-1500 MODELO 2005-2012 (incluye combustible, mantenimiento vehiculo, etc) | E34: 9456 | G34: 1 | H34: mes | I34: 5448750 | L34: 0.3 | M34: 3.5 | N34: =I34*G34*L34 -> 1634625 | O34: =N34*M34 -> 5721187.5
C35: Alquiler equipo completo topografía | E35: 9115 | G35: 1 | H35: mes | I35: 4103000 | L35: 0.1 | M35: 3.5 | N35: =I35*G35*L35 -> 410300 | O35: =N35*M35 -> 1436050
C36: Gastos de papeleria, impresos y publicaciones (inlcluye fotocopias, utiles de oficina, etc.) edicion presentacion informes avance obra | E36: 9578 | G36: 1 | H36: mes | I36: 1043625 | M36: 4 | N36: =I36*G36 -> 1043625 | O36: =N36*M36 -> 4174500
G37: SUBTOTAL COSTOS OPERACIONALES | N37: =SUM(N33:N36) -> 4438550 | O37: =SUM(O33:O36) -> 16731738 | P37: D | Q37: =O37 -> 16731738
B40: CONCEPTO | C40: DESCRIPCIÓN | D40: IMPUESTO | N40: VALOR
B41: IMPUESTOS | C41: CONTRIBUCIÓN ESPECIAL (GUERRA) | D41: 0.05 | N41: =+Po*D41 -> 17559000
C42: ESTAMPILLAS | D42: 0.005 | N42: =+Po*D42 -> 1755900
C43: ICA | D43: 0.0069 | N43: =+Po*D43 -> 2423142
C44: RETEFUENTE | D44: 0.02 | N44: =+Po*D44 -> 7023600
B45: GARANTÍAS | C45: DESCRIPCIÓN | D45: % | G45: % ASEGURADO | M45: TASA ASEGURADORA | N45: VALOR
C46: CUMPLIMIENTO | D46: 0.002 | G46: 0.2 | M46: =+Po*G46 -> 70236000 | N46: =+M46*D46 -> 140472
C47: SALARIOS Y PRESTACIONES SOCIALES | D47: 0.003 | G47: 0.05 | M47: =+Po*G47 -> 17559000 | N47: =+M47*D47 -> 52677
C48: ESTABILIDAD Y CALIDAD DE LA OBRA | D48: 0.002 | G48: 0.2 | M48: =+Po*G48 -> 70236000 | N48: =+M48*D48 -> 140472
C49: SERIEDAD DE LA OFERTA | D49: 0.001 | G49: 0.1 | M49: =+Po*G49 -> 35118000 | N49: =+M49*D49 -> 35118
C50: RESPONSABILIDAD CIVIL EXTRACONTRACTUAL (200SMMLV) | D50: 0.003 | G50: 0.5 | M50: =+Po*G50 -> 175590000 | N50: =+M50*D50 -> 526770
C51: CALIDAD DEL SERVICIO | D51: 0.002 | G51: 0.2 | M51: =+Po*G51 -> 70236000 | N51: =+M51*D51 -> 140472
C52: CALIDAD DE MATERIALES | D52: 0.002 | G52: 0.2 | M52: =+Po*G52 -> 70236000 | N52: =+M52*D52 -> 140472
G54: SUBTOTAL IMPUESTOS Y GARANTÍAS | N54: =SUM(N41:O53) -> 29938095 | P54: E | Q54: =N54 -> 29938095
B56: COSTOS IMPLEMENTACION PLANES DE GESTION PARA EL PROYECTO
B58: CONCEPTO | C58: DESCRIPCIÓN | D58: % del P.O | N58: VALOR
B59: IMPLEMENTACION | C59: PLAN GESTION SOCIAL | D59: 0.02 | N59: =D$64*D59 -> 5336764.3
C60: PLAN GESTION AMBIENTAL Y S.S.T. | D60: 0.03 | N60: =D$64*D60 -> 8005146.5
C61: PLAN MANEJO DE TRANSITO | D61: 0.02 | N61: =D$64*D61 -> 5336764.3
G62: SUBTOTAL COSTOS IMPLEMENTACION PLANES COMPONENTES GESTION SOCIAL, AMBIENTAL - S.S.T., Y P.M.T. | N62: =+SUM(N59:O61) -> 18678675 | P62: F | Q62: =+N62 -> 18678675
C64: COSTO DIRECTO MONTO AGOTABLE PARA OBRAS ($) | D64: 2.6683822e+08 | Q64: =+SUM(Q16:Q59) -> 68331492
C66: ADMINISTRACIÓN (C + D + E + F) | D66: =+O30+O37+N54 -> 68331492 | F66: =+D66/D64 -> 0.25607836 | Q66: =+Q64+Q65 -> 68331492
C67: IMPREVISTOS (1%) | D67: =+D64*0.01 -> 2668382.2 | F67: =+D67/D64 -> 0.01 | Q67: =Po -> 351180000
C68: UTILIDAD (5%) | D68: =+D64*0.05 -> 13341911 | F68: =+D68/D64 -> 0.05 | Q68: =+Q67-Q66 -> 282848508
C69: TOTAL A.I.U. | D69: =+SUM(D66:D68) -> 84341785 | F69: =+D69/D64 -> 0.31607836 | Q69: =+Q68/1.06 -> 2.6683822e+08
C72: TOTAL PRESUPUESTO | D72: =D69+D64 -> 3.5118e+08

Sheet Factor Prestacional
B2: FACTOR MULTIPLICADOR | C2: % | E2: Costo de Personal Antes de FM
E3: ='Analisis AIU'!T30 -> 10969588
B4: Salarios y Prestaciones Sociales de Personal Facturable | C4: 1
B5: Salarios | C5: 1 | E5: =E3 -> 10969588
B6: Prima anual (legal) | C6: 0.0833 | E6: =$E$5*C6 -> 913766.64
B7: Cesantía | C7: 0.0833 | E7: =$E$5*C7 -> 913766.64
B8: Intereses de cesantía | C8: 0.01 | E8: =$E$5*C8 -> 109695.88
B9: Vacaciones | C9: 0.0417 | E9: =$E$5*C9 -> 457431.8
B10: Seguridad Social (salud + pensión) | C10: 0.205 | E10: =$E$5*C10 -> 2248765.4
B11: Caja de Compensación Familiar | C11: 0.04 | E11: =$E$5*C11 -> 438783.5
B12: ARL | C12: 0.0696 | E12: =$E$5*C12 -> 763483.29
B13: Sena | C13: 0.02 | E13: =$E$5*C13 -> 219391.75
B14: ICBF | C14: 0.03 | E14: =$E$5*C14 -> 329087.62
B15: Subsidio de transporte | C15: 0.1049 | E15: =$E$5*C15 -> 1150709.7
B16: Dotación | C16: 0.006 | E16: =$E$5*C16 -> 65817.525
B17: Salarios y Prestaciones Sociales de Personal Facturable | C17: =SUM(C6:C16) -> 0.6938 | E17: =SUM(E3) -> 10969588
B18: Licenciamiento de software
B21: Total Factor Multiplicador | C21: =C17+C4 -> 1.6938 | E21: =C21*E3 -> 18580287
C22: =C21 -> 1.6938
